 Dungeon Crawl Stone Soup version 0.31.0-11-ge490571c62 (webtiles) character file.

Game seed: 14605592667591424869

2241 Xavori the Slasher (level 9, -9/71 HPs)
             Began as a Djinni Chaos Knight on Jan 29, 2024.
             Was a Plaything of Xom.
             Mangled by a shadow demon (16 damage)
             ... summoned by Xom
             ... on level 6 of the Dungeon.
             The game lasted 00:09:57 (13687 turns).

Xavori the Slasher (Djinni Chaos Knight)           Turns: 13687, Time: 00:09:58

Health: -9/71      AC:  7    Str: 11    XL:     9   Next: 63%
Gold:   398        EV: 14    Int: 25    God:    Xom [......] SH:  0 Dex: 18

rFire   + + .        a - +0 falchion (chaos)
rCold   x . .        (no shield)
rNeg    + . .        b - +2 leather armour
rPois   ∞            (no helmet)
rElec   +            (no cloak)
rCorr   .            (no gloves)
SInv    .            (boots unavailable)
Will    +....        l - amulet of faith
Stlth   +            t - +6 ring of intelligence
HPRegen 0.31/turn    s - ring of the Vendetta {rN+ Will+ Dex+6}
MPRegen 0.00/turn

%: faith, infuse magic (-10 HP)
@: about to teleport, spiked, flying
A: sickness immunity, fire resistance 2, cold vulnerability 1, float, innate
caster, HP casting, extra vitality 1, iridescent scales 1, robust 1, electricity
resistance, MP-powered wands, noise suppression
a: Renounce Religion


You were on level 6 of the Dungeon.
You worshipped Xom.
You were a very special plaything of Xom.
You visited 1 branch of the dungeon, and saw 6 of its levels.
You also visited: Sewer.

You collected 398 gold pieces.

Inventory:

Hand Weapons
 a - a +0 falchion of chaos (weapon)
Missiles
 e - 5 curare-tipped darts (quivered)
Armour
 b - a +2 leather armour (worn)
Jewellery
 l - an amulet of faith (around neck)
 s - the ring of the Vendetta (right hand) {rN+ Will+ Dex+6}
   (You found it on level 5 of the Dungeon)

   [ring of dexterity]

   Dex+6:     It affects your dexterity (+6).
   rN+:       It protects you from negative energy.
   Will+:     It increases your willpower.
 t - a +6 ring of intelligence (left hand)
Wands
 v - a wand of flame (18)
Scrolls
 c - a scroll of butterflies
 f - 5 scrolls of fog
 h - 2 scrolls of enchant armour
 i - a scroll of immolation {unknown}
 m - a scroll of amnesia {unknown}
 n - a scroll of blinking {unknown}
 p - a scroll of poison {unknown}
 u - a scroll of teleportation
 w - a scroll of noise {unknown}
 y - a scroll of enchant weapon
 A - a scroll of identify
 B - a scroll of revelation {unknown}
Potions
 d - 5 potions of curing
 g - a potion of heal wounds {unknown}
 j - 3 potions of brilliance {unknown}
 k - a potion of ambrosia {unknown}
 o - a potion of mutation {unknown}
 q - a potion of berserk rage {unknown}
 r - a potion of enlightenment {unknown}
 x - a potion of attraction {unknown}
 z - a potion of invisibility {unknown}


   Skills:
 + Level 5.4 Fighting
 + Level 7.2 Long Blades
 + Level 3.8 Armour
 + Level 5.8 Dodging
 * Level 4.4 Spellcasting
 * Level 4.4 Conjurations
 * Level 4.4 Hexes
 * Level 4.4 Summonings
 * Level 4.4 Necromancy
 * Level 4.4 Translocations
 * Level 4.4 Fire Magic
 * Level 4.4 Ice Magic
 * Level 4.4 Air Magic
 * Level 4.4 Earth Magic
 * Level 4.4 Alchemy


You knew the following spells:

 Your Spells              Type           Power      Damage    Failure   Level
a - Foxfire               Conj/Fire      100%       2x1d9     1%          1
b - Scorch                Fire           54%        2d7       2%          2
c - Lesser Beckoning      Tloc           54%        N/A       2%          2
d - Dazzling Flash        Conj/Hex       54%        N/A       5%          3
Your spell library was empty.

Dungeon Overview and Level Annotations

Branches:
Dungeon (6/15)              Sewer (visited)
 Temple: D:4-7

Altars:
Cheibriados
Dithmenos
Hepliaklqana
Nemelex Xobeh
Yredelemnul

Annotations:
D:5 3 runed translucent doors, DaftaChap's ghost, novice DsAl


Innate Abilities, Weirdness & Mutations

You are immune to sickness and miasma.
You are immune to poison.
Your flesh is very heat resistant. (rF++)
You are vulnerable to cold. (rC-)
You float through the air rather than walking.
You learn spells naturally, not from books.
Your magical power is your life essence.
You have superior vitality. (+4 MHP)
You are partially covered in iridescent scales. (AC +2)
You are robust. (+10% HP)
You are resistant to electric shocks. (rElec)
You expend health (3 HP) to strengthen your wands.
You passively dampen the noise of your surroundings.


Message History

The ufetubus barely misses you.
The ufetubus hits you but does no damage.
The ufetubus hits you.
The ufetubus hits you but does no damage.
Okay, then.
As you read the scroll of teleportation, it crumbles to dust.
You feel strangely unstable. The ufetubus completely misses you.
The ufetubus hits you but does no damage.
The ufetubus closely misses you. The ufetubus barely misses you.
The ufetubus hits you but does no damage. x2
The ynoxinul gestures.
The red devil hits you from afar with a +2 trident of venom!
Barbed spikes become lodged in your body.
The ufetubus misses you. x2
The ufetubus hits you but does no damage.
The ufetubus closely misses you. The ufetubus barely misses you.
The ufetubus hits you.
You hear Xom's avuncular chuckle.
The ynoxinul evaporates and reforms as a shadow demon!
The red devil hits you from afar with a +2 trident of venom!
Barbed spikes become lodged in your body.
The ufetubus barely misses you. The ufetubus closely misses you.
The ufetubus hits you but does no damage. x2
The ufetubus barely misses you. The ufetubus closely misses you.
The neqoxec gestures at you. Something gnaws heavily on your mind!
* * * LOW HITPOINT WARNING * * *
You feel better.
The ufetubus hits you but does no damage. x2
The ufetubus barely misses you.
The ufetubus hits you but does no damage.
The ufetubus hits you.
* * * LOW HITPOINT WARNING * * *
The ufetubus closely misses you. The crimson imp barely misses you.
The red devil hits you from afar with a +2 trident of venom!
* * * LOW HITPOINT WARNING * * *
Barbed spikes become lodged in your body.
The shadow demon hits you!
You die...
Xom cackles wildly!

###........########
#.....>............
#..................
#..................
#.......<...##.....
#....:.............
#..5...............
+.55...............
#.@25..............
+555###............
#345# #........#...
#.c............#...
+..............#...
#........... ...
##......... ...
#.....#### .#.
......§ ..


You could see a shadow demon (summoned), a neqoxec (summoned), a red devil
(summoned), a centaur, a crimson imp (summoned), a shadow imp (summoned) and 6
ufetubi.

Vanquished Creatures
  A wyvern (D:5)
  An ice beast (D:6)
  2 black bears (D:6)
  A crocodile (Sewer)
  2 centaurs (D:6)
  3 phantoms (D:5)
  5 kobold brigands
  A bullfrog (D:5)
  A scorpion (D:6)
  A hound (D:6)
  A sleepcap (D:5)
  4 iguanas
  9 orc wizards
  A hound zombie (D:3)
  10 adders
  2 river rats
  A ribbon worm (D:2)
  3 dart slugs
  14 orcs
  11 bats
  7 endoplasms
  7 giant cockroaches
  5 goblins
  10 hobgoblins
  2 jackals (D:1)
  21 kobolds
  6 quokkas
  7 ball pythons
  6 frilled lizards
  A giant cockroach zombie (D:3)
  8 rats
154 creatures vanquished.

Vanquished Creatures (collateral kills)
  Duvessa (D:4)
  A black bear (D:4)
  Dowan (D:4)
3 creatures vanquished.

Vanquished Creatures (others)
  An orc wizard (D:6)
  4 foxfires (D:4)
5 creatures vanquished.

Grand Total: 162 creatures vanquished

Notes
Turn   | Place    | Note
-------+----------+-------------------------------------------
     0 | D:1      | Xavori the Djinni Chaos Knight began the quest for the Orb.
     0 | D:1      | Reached XP level 1. HP: 20/20 MP: 0/0
    61 | D:1      | Reached XP level 2. HP: 25/25 MP: 0/0
   147 | D:1      | XOM: silly message
   156 | D:1      | Reached skill level 3 in Long Blades
   156 | D:1      | XOM: divination: detect creatures
   223 | D:1      | Reached XP level 3. HP: 30/30 MP: 0/0
   223 | D:1      | Learned a level 1 spell: Foxfire
   323 | D:1      | XOM: divination: magic mapping
   398 | D:1      | XOM: 10-stop teleportation journey
   415 | D:1      | XOM: 6-stop teleportation journey
   463 | D:1      | XOM: god gift: mace {god gift}
  1844 | D:1      | XOM: cloud trail
  1954 | D:1      | XOM: divination: detect creatures
  1968 | D:1      | XOM: god gift: 9 stones
  2372 | D:1      | XOM: god gift: scroll labelled QEMIBUIBLU {god gift}
  2467 | D:1      | XOM: give mutation
  2467 | D:1      | Gained mutation: You are robust. (+10% HP) [Xom's grace]
  2582 | D:1      | XOM: divination: magic mapping
  2730 | D:1      | XOM: divination: detect items
  2756 | D:1      | XOM: 2-stop teleportation journey
  3086 | D:1      | XOM: scenery: summon butterflies
  3249 | D:1      | XOM: scenery: summon butterflies
  3793 | D:1      | XOM: divination: detect creatures
  3895 | D:1      | XOM: divination: detect items
  3919 | D:1      | XOM: summons 2 hostile shadow creatures
  4472 | D:1      | XOM: give mutations
  4472 | D:1      | Gained mutation: You expend health (3 HP) to strengthen
                  | your wands. [Xom's mischief]
  4472 | D:1      | Gained mutation: You passively dampen the noise of your
                  | surroundings. [Xom's mischief]
  4472 | D:1      | Lost mutation: You expend health (3 HP) to strengthen your
                  | wands. [Xom's mischief]
  4520 | D:1      | XOM: scenery: summon butterflies
  4571 | D:1      | XOM: noise
  4906 | D:1      | XOM: divination: magic mapping
  4937 | D:1      | XOM: silly message
  5516 | D:1      | XOM: summons 2 hostile demons
  6117 | D:1      | XOM: give mutations
  6117 | D:1      | Gained mutation: Your spells are a little harder to cast,
                  | but a little more powerful. [Xom's mischief]
  6117 | D:1      | Lost mutation: Your spells are a little harder to cast, but
                  | a little more powerful. [Xom's mischief]
  6444 | D:1      | XOM: torment (18/33 hp)
  7621 | D:1      | XOM: give mutations
  7621 | D:1      | Gained mutation: You expend health (3 HP) to strengthen
                  | your wands. [Xom's grace]
  7621 | D:1      | Gained mutation: You are agile. (Dex +4, Str/Int -1) [Xom's
                  | grace]
  8048 | D:1      | XOM: give mutation
  8048 | D:1      | Lost mutation: You are agile. (Dex +4, Str/Int -1) [Xom's
                  | mischief]
  8198 | D:1      | XOM is BORED!
  8242 | D:1      | XOM: noise
  8252 | D:1      | XOM: god gift: bubbling golden potion {god gift}
  8448 | D:1      | XOM: noise
  8461 | D:1      | XOM: give mutation
  8461 | D:1      | Gained mutation: You are resistant to electric shocks.
                  | (rElec) [Xom's grace]
  8555 | D:1      | XOM: god gift: giant spiked club {god gift}
  8655 | D:2      | XOM: confuse monster(s)
  8758 | D:2      | XOM: 2-stop teleportation journey
  8766 | D:2      | Reached XP level 4. HP: 35/38 MP: 0/0
  8835 | D:2      | Found a faded altar of an unknown god.
  8835 | D:2      | XOM: 1-stop teleportation journey
  8872 | D:2      | XOM: potion effect (brilliance)
  8882 | D:2      | XOM: confuse monster(s)
  9091 | D:2      | XOM: cloud trail
  9101 | D:2      | XOM: swap monsters
  9317 | D:2      | XOM: give mutations
  9317 | D:2      | Gained mutation: Your spells are a little harder to cast,
                  | but a little more powerful. [Xom's grace]
  9317 | D:2      | Gained mutation: You are covered in fur. (AC +1) [Xom's
                  | grace]
  9380 | D:3      | Reached XP level 5. HP: 40/44 MP: 0/0
  9380 | D:3      | Learned a level 2 spell: Scorch
  9559 | D:3      | XOM: chaos upgrade
  9634 | D:3      | XOM: give mutations
  9634 | D:3      | Gained mutation: You are partially covered in iridescent
                  | scales. (AC +2) [Xom's mischief]
  9634 | D:3      | Gained mutation: You passively map a small area around you.
                  | [Xom's mischief]
  9634 | D:3      | Lost mutation: You are covered in fur. (AC +1) [Xom's
                  | mischief]
  9686 | D:3      | XOM: cloud trail
  9773 | D:3      | XOM: god gift: 45 gold pieces
  9792 | D:3      | XOM: noise
  9812 | D:3      | Reached skill level 1 in Spellcasting
  9812 | D:3      | Reached skill level 1 in Conjurations
  9812 | D:3      | Reached skill level 1 in Hexes
  9812 | D:3      | Reached skill level 1 in Summonings
  9812 | D:3      | Reached skill level 1 in Necromancy
  9812 | D:3      | Reached skill level 1 in Translocations
  9812 | D:3      | Reached skill level 1 in Fire Magic
  9812 | D:3      | Reached skill level 1 in Ice Magic
  9812 | D:3      | Reached skill level 1 in Air Magic
  9812 | D:3      | Reached skill level 1 in Earth Magic
  9812 | D:3      | Reached skill level 1 in Alchemy
  9815 | D:3      | Found a basalt altar of Yredelemnul.
  9865 | D:3      | XOM: stat loss: -1 Str (10/11)
  9956 | D:4      | XOM: scenery: summon butterflies
  9991 | D:4      | XOM: blink monster(s)
 10009 | D:3      | XOM: polymorph orc wizard -> bat
 10368 | D:4      | Noticed Duvessa
 10368 | D:4      | Noticed Dowan
 10388 | D:4      | Noticed a black bear
 10388 | D:4      | XOM: 5-stop teleportation journey
 10395 | D:4      | Killed Duvessa
 10396 | D:4      | Reached skill level 4 in Long Blades
 10396 | D:4      | Reached XP level 6. HP: 32/51 MP: 0/0
 10405 | D:4      | Killed Dowan
 10472 | D:4      | XOM: give mutations
 10472 | D:4      | Lost mutation: You passively map a small area around you.
                  | [Xom's mischief]
 10472 | D:4      | Lost mutation: Your spells are a little harder to cast, but
                  | a little more powerful. [Xom's mischief]
 10545 | D:4      | Killed a black bear
 10546 | D:4      | Reached XP level 7. HP: 56/57 MP: 0/0
 10546 | D:4      | Learned a level 2 spell: Lesser Beckoning
 10730 | D:5      | Entered Level 5 of the Dungeon
 10774 | D:5      | XOM: silly message
 10775 | D:5      | XOM: potion effect (brilliance)
 10786 | D:5      | XOM: silly message
 10803 | D:5      | Reached skill level 5 in Long Blades
 10855 | D:5      | Noticed a wyvern
 10861 | D:5      | Killed a wyvern
 10964 | D:5      | Reached XP level 8. HP: 60/63 MP: 0/0
 11023 | D:5      | Found a runed translucent gate.
 11024 | D:5      | Found a runed translucent gate.
 11028 | D:5      | XOM: divination: magic mapping
 11039 | D:5      | Found a runed translucent gate.
 11106 | D:5      | XOM: 2-stop teleportation journey
 11236 | D:5      | Found a glowing drain.
 11240 | Sewer    | Entered a sewer
 11327 | Sewer    | XOM: confuse monster(s)
 11328 | Sewer    | XOM: cast spell 'Cause Fear'
 11465 | Sewer    | XOM: cast spell 'Summon Small Mammal'
 11469 | Sewer    | XOM: silly message
 11502 | Sewer    | XOM: divination: magic mapping
 11511 | Sewer    | XOM: silly message
 11516 | Sewer    | XOM: potion effect (attraction)
 11520 | Sewer    | Reached skill level 6 in Long Blades
 11589 | Sewer    | XOM: snakes to sticks
 11636 | Sewer    | XOM: summons friendly iron imp
 11643 | Sewer    | Reached skill level 5 in Dodging
 11743 | D:5      | Noticed DaftaChap's ghost (novice DsAl)
 11805 | D:5      | XOM: silly message
 11948 | D:5      | Identified the ring of the Vendetta {rN+ Will+ Dex+6}
 12426 | D:6      | Reached XP level 9. HP: 67/70 MP: 0/0
 12426 | D:6      | Learned a level 3 spell: Dazzling Flash
 12468 | D:6      | Reached skill level 5 in Fighting
 12577 | D:6      | XOM: noise
 12638 | D:6      | Found a shadowy altar of Dithmenos.
 12639 | D:6      | Found a snail-covered altar of Cheibriados.
 12639 | D:6      | Found a hazy altar of Hepliaklqana.
 12639 | D:6      | Found a sparkling altar of Nemelex Xobeh.
 12744 | D:6      | XOM: stat loss: -1 Int (24/25)
 13083 | D:6      | Reached skill level 7 in Long Blades
 13440 | D:6      | Noticed a kobold demonologist
 13567 | D:6      | XOM: summons 5 hostile demons
 13568 | D:6      | Noticed a soul eater
 13624 | D:6      | XOM: chaos cloud
 13625 | D:6      | XOM: polymorph orc warrior -> hobgoblin
 13681 | D:6      | XOM: summons 5 hostile demons
 13682 | D:6      | Noticed a red devil
 13686 | D:6      | a ynoxinul changed into a shadow demon
 13686 | D:6      | Noticed a shadow demon
 13686 | D:6      | XOM: polymorph ynoxinul -> shadow demon
 13687 | D:6      | Mangled by a shadow demon

Illustrated notes

Levels and vault maps discovered:
D:1:      erik_arrival_triangle_medium, layout_loops_ring
D:2:      minmay_angry_zag, layout_loops_ring, ebering_ecumenical_altar_mist
D:3:      layout_rooms, lemuel_zombie_altar_yredelemnul
D:4:      layout_cave_pools, uniq_duvessa
D:5:      layout_loops_corners, gammafunk_ghost_icy, gup_sewer_entry_spiral
D:6:      minmay_chambers_of_fours, layout_basic, palyth_temple_overflow_mages,
          chequers_temple_overflow_statue_of_worship, tso_metal_star,
          minmay_temple_entry_mist, uniq_crazy_yiuf_cottage

Skill      XL: |  1  2  3  4  5  6  7  8  9 |
---------------+----------------------------+-----
Long Blades    | 3 4 5 6 7 |  7.2
Armour         | 2 3 |  3.8
Spellcasting   | 1 2 3 4 |  4.4
Conjurations   | 1 2 3 4 |  4.4
Hexes          | 1 2 3 4 |  4.4
Summonings     | 1 2 3 4 |  4.4
Necromancy     | 1 2 3 4 |  4.4
Translocations | 1 2 3 4 |  4.4
Fire Magic     | 1 2 3 4 |  4.4
Ice Magic      | 1 2 3 4 |  4.4
Air Magic      | 1 2 3 4 |  4.4
Earth Magic    | 1 2 3 4 |  4.4
Alchemy        | 1 2 3 4 |  4.4
Dodging        | 3 4 5 |  5.8
Fighting       | 4 5 |  5.4

Action                     |  1- 3 |  4- 6 |  7- 9 || total
---------------------------+-------+-------+-------++-------
  Melee: Falchion          |   101 |   168 |   262 ||   531
         Punch             |       |     1 |     5 ||     6
   Cast: Foxfire           |       |     4 |       ||     4
         Scorch            |       |       |    57 ||    57
         Dazzling Flash    |       |       |     4 ||     4
    Use: Scroll            |       |     1 |     5 ||     6
         Potion            |       |       |     2 ||     2
   Stab: Paralysed         |       |     1 |       ||     1
         Invisible         |       |       |     2 ||     2
 Armour: Leather armour    |    72 |   138 |   257 ||   467
  Dodge: Dodged            |    88 |   137 |   228 ||   453
